 Dungeon Crawl Stone Soup version 0.30-a0-800-g7c544603b3 (webtiles) character file.

Game seed: 5647554965570531590

186 cforsyth the Sneak (level 5, -1/32 HPs)
             Began as a Kobold Brigand on Feb 22, 2023.
             Killed from afar by a hobgoblin (9 damage)
             ... with a puff of flame
             ... on level 4 of the Dungeon.
             The game lasted 00:03:38 (2387 turns).

cforsyth the Sneak (Kobold Brigand)                 Turns: 2387, Time: 00:03:39

Health: -1/32      AC:  3    Str: 11    XL:     5   Next: 98%
Magic:  5/5        EV: 25    Int: 13    God:
Gold:   227        SH:  0    Dex: 18    Spells: 4/4 levels left

rFire   . . .      SeeInvis .    a - +2 dagger
rCold   . . .      Faith    .    (no shield)
rNeg    . . .      Spirit   .    b - +0 robe
rPois   .          Reflect  .    (no helmet)
rElec   .          Harm     .    k - +0 cloak of Orthodoxy {Str+3}
rCorr   .          Rampage  .    (no gloves)
Will    .....                    (no boots)
Stlth   +++++                    (no amulet)
HPRegen 0.25/turn                f - +5 ring of evasion
MPRegen 0.09/turn                l - +5 ring of evasion

@: no status effects
A: small, no large weapons, nightstalker 3
a: no special abilities


You were on level 4 of the Dungeon.
You visited 1 branch of the dungeon, and saw 4 of its levels.

You collected 227 gold pieces.

Inventory:

Hand Weapons
 a - a +2 dagger (weapon)
Missiles
 d - 9 poisoned darts (quivered)
 e - 3 curare-tipped darts
Armour
 b - a +0 robe (worn)
 c - a +0 cloak
 k - the +0 cloak of Orthodoxy (worn) {Str+3}
   (You found it on level 2 of the Dungeon)

   Str:       It affects your strength (+3).
 m - a scarf of invisibility
 p - a +0 buckler
Jewellery
 f - a +5 ring of evasion (left hand)
 l - a +5 ring of evasion (right hand)
Scrolls
 g - 3 scrolls of identify {unknown}
 j - a scroll of enchant armour {unknown}
 o - a scroll of blinking {unknown}
 q - a scroll of fog {unknown}
Potions
 h - 2 potions of mutation {unknown}
 i - a potion of curing {unknown}
 n - a potion of flight {unknown}
 r - a potion of heal wounds {unknown}


   Skills:
 + Level 3.4 Fighting
 + Level 4.2 Short Blades
 - Level 2.1 Throwing
 + Level 3.1 Dodging
 + Level 6.5 Stealth
 + Level 1.0 Shields


You had 4 spell levels left.
You didn't know any spells.
Your spell library was empty.

Dungeon Overview and Level Annotations

Branches:
Dungeon (4/15)
 Temple: D:4-7

Altars:


Innate Abilities, Weirdness & Mutations

You are small and have problems with some larger weapons.
You are completely attuned to the shadows.


Message History

You barely miss the orc. The orc hits you with a +0 flail!
The teleport trap disappears.
The hobgoblin disappears!
You hit the orc.
The orc is lightly wounded.
You hit the orc but do no damage.
The orc is lightly wounded.
The orc hits you with a +0 flail.
You hit the orc.
The orc is heavily wounded.
The orc hits you with a +0 flail!
You are too injured to fight recklessly!
You are too injured to fight recklessly!
You are too injured to fight recklessly!
You are too injured to fight recklessly!
You are too injured to fight recklessly!
You are too injured to fight recklessly!
You are too injured to fight recklessly!
You are too injured to fight recklessly!
You are too injured to fight recklessly!
You are too injured to fight recklessly!
The orc attacks as you move away! The orc closely misses you.
A hobgoblin comes into view. It is carrying a wand of flame (8).
The hobgoblin zaps a wand.
The puff of flame hits you.
* * * LOW HITPOINT WARNING * * *
You hit the orc.
The orc is severely wounded.
The orc misses you.
You hit the orc.
The orc is almost dead.
You barely miss the orc.
The orc is almost dead.
The orc completely misses you.
You hit the orc but do no damage.
The orc is almost dead.
The orc completely misses you.
You hit the orc.
You kill the orc!
You hit the hobgoblin but do no damage. The kobold barely misses you.
The hobgoblin zaps a wand.
The puff of flame hits you!
You die...

.##...# #.##.#.##
############+###.##.#..#
#..........#...#.#....##
#............#...#..#.#
#............##.......#
#............###)#..#..
.............# #K#..#..
.......>.....# #@.g...
......#'##### #g#....
......#.# #.#..#
......#.# #.# .#
#######.# #.# ###.#####
#)....... #....####.
#....#....


You could see 2 hobgoblins and a kobold.

Vanquished Creatures
  An ogre (D:4)
  An orc priest (D:4)
  3 adders
  A worm (D:2)
  2 dart slugs
  An orc (D:4)
  5 ball pythons
  2 giant cockroaches (D:3)
  4 goblins
  4 hobgoblins
  3 jackals (D:3)
  3 kobolds
  4 bats
  4 frilled lizards
  A rat (D:3)
39 creatures vanquished.

Notes
Turn   | Place    | Note
-------+----------+-------------------------------------------
     0 | D:1      | cforsyth the Kobold Brigand began the quest for the Orb.
     0 | D:1      | Reached XP level 1. HP: 12/12 MP: 1/1
   267 | D:1      | Reached XP level 2. HP: 18/18 MP: 2/2
   683 | D:2      | Found a faded altar of an unknown god.
  1036 | D:2      | Identified the +0 cloak of Orthodoxy {Str+3}
  1171 | D:2      | Reached XP level 3. HP: 13/22 MP: 3/3
  1808 | D:3      | Reached XP level 4. HP: 27/27 MP: 4/4
  1835 | D:3      | Reached skill level 6 in Stealth
  2318 | D:4      | Noticed an ogre
  2322 | D:4      | Killed an ogre
  2323 | D:4      | Reached XP level 5. HP: 32/32 MP: 5/5
  2367 | D:4      | Reached skill level 1 in Shields
  2387 | D:4      | Killed from afar by a hobgoblin

Illustrated notes

Levels and vault maps discovered:
D:1:      wander_arrival_chamber, layout_rooms
D:2:      layout_basic, shapermc_ecumenical_altar_gd
D:3:      layout_basic
D:4:      layout_basic, minmay_ruined_shrine, uniq_grinder, uniq_blork_the_orc

Skill      XL: |  1  2  3  4  5 |
---------------+----------------+-----
Short Blades   | 3 4 |  4.2
Dodging        | 2 3 |  3.1
Stealth        | 6 |  6.5
Fighting       | 3 |  3.4
Shields        | 1 |  1.0
Throwing       | |  2.1

Action                     |  1- 3 |  4- 6 || total
---------------------------+-------+-------++-------
  Melee: Dagger            |    78 |    28 ||   106
         Punch             |     1 |       ||     1
   Stab: Sleeping          |    16 |     8 ||    24
 Armour: Robe              |     6 |     1 ||     7
  Dodge: Dodged            |    60 |    11 ||    71

Table legend: (Time is in decaauts)
 A = Elapsed time spent in this place.
 B = Non-inter-level travel time spent in this place.
 C = Inter-level travel time spent in this place.
 D = Time resting spent in this place.
 E = Time spent auto-exploring this place.
 F = Levels seen in this place.
 G = Mean time per level.
                   A        B        C        D        E       F      G
               +--------+--------+--------+--------+--------+-----+--------+
         Total |   2367 |   2243 |    124 |      0 |   1951 |   4 |  591.8 |
       Dungeon |   2367 |   2243 |    124 |      0 |   1951 |   4 |  591.8 |
               +--------+--------+--------+--------+--------+-----+--------+

Top non-repeatable levels by time:
     D:2: 966 daAuts
     D:3: 851 daAuts
     D:1: 482 daAuts
     D:4: 67 daAuts
